AoeStats
← KND

Nomad

506416203Analyzed
3v3 RM · 18d ago on Sep 13, 2026· 54m 0s· 6 players
Game mode
Random Map
Map size
210×210
Population
200
Speed
Normal
Resources
Standard
Victory
Conquest
Starting age
Dark Age
Ending age
Imperial Age
RankedLock teamsTeams togetherTeam positionsShared explorationLock speedFull tech treeHidden civsTurbo modeCheats
Victory
Defeat
🇨🇭 Wei · Switzerland
1514
+12
🇧🇷 Turks · Brazil
1514
+12
🇩🇴 Poles · Dominican Republic
1460
+15
🇷🇴 Hindustanis · Romania
1522
-16
🇭🇰 Persians · Hong Kong SAR China
1445
-14
🇭🇺 Byzantines · Hungary
1334
-9
RD | RuJasonSh
3:59 Loom
14:02 Feudal Age
17:49 Fletching
24:17 Castle Age
22:22 Double-Bit Axe
22:23 Horse Collar
23:29 Scale Mail Armor
23:48 Stone Mining
24:53 Forging
24:28 Pikeman
25:43 Arson
31:33 Chain Mail Armor
32:02 Bow Saw
41:25 Wheelbarrow
43:36 Heavy Plow
46:56 Hand Cart
47:50 Gold Mining
50:52 Stone Shaft Mining
54:15 Imperial Age
51:53 Scale Barding Armor
52:41 Szlachta Privileges
53:26 Iron Casting
53:15 Bloodlines
53:43 Chain Barding Armor
53:26 Husbandry
pascal sauvage
4:37 Loom
13:18 Feudal Age
17:07 Castle Age
16:10 Fletching
16:13 Double-Bit Axe
20:36 Bodkin Arrow
24:09 Padded Archer Armor
23:56 Horse Collar
28:45 Wheelbarrow
29:50 Husbandry
29:52 Town Watch
32:01 Hand Cart
32:29 Bloodlines
32:57 Bow Saw
36:53 Ballistics
41:16 Imperial Age
39:44 Scale Barding Armor
40:52 Chain Barding Armor
41:51 Forging
42:27 Ming Guang Armor
42:25 Conscription
41:58 Heavy Hei Guang Cavalry
42:53 Heavy Plow
43:57 Iron Casting
45:59 Iron Casting
45:39 Masonry
47:16 Treadmill Crane
50:31 Elite Skirmisher
52:18 Blast Furnace
52:19 Light Cavalry
53:01 Bracer
53:39 Tuntian
KND
4:34 Loom
14:46 Feudal Age
15:42 Double-Bit Axe
15:40 Horse Collar
18:33 Castle Age
18:42 Wheelbarrow
17:52 Town Watch
18:45 Wheelbarrow
18:02 Fishing Lines
19:37 Bow Saw
19:31 Heavy Plow
31:46 Gold Mining
31:47 Stone Mining
35:24 Imperial Age
34:07 Padded Archer Armor
34:38 Ballistics
35:53 Masonry
36:50 Conscription
37:34 Leather Archer Armor
37:26 Scale Barding Armor
37:32 Forging
38:47 Gold Shaft Mining
38:28 Hand Cart
39:52 Chain Barding Armor
40:29 Murder Holes
41:44 Architecture
41:54 Plate Barding Armor
41:55 Iron Casting
41:52 Bloodlines
41:43 Husbandry
42:14 Treadmill Crane
41:58 Heavy Camel Rider
43:25 Hoardings
43:12 Artillery
44:08 Ring Archer Armor
43:29 Fletching
44:07 Elite Janissary
44:20 Sappers
47:43 Blast Furnace
50:32 Town Patrol
55:18 Two-Man Saw
54:18 Bodkin Arrow
Kiliander
5:28 Loom
13:37 Feudal Age
18:07 Castle Age
17:50 Wheelbarrow
23:50 Double-Bit Axe
23:46 Horse Collar
28:25 Scale Barding Armor
28:49 Husbandry
30:00 Fletching
29:39 Elite Skirmisher
30:37 Bodkin Arrow
30:42 Padded Archer Armor
36:04 Imperial Age
34:26 Bow Saw
34:22 Heavy Plow
35:33 Ballistics
35:56 Leather Archer Armor
35:37 Gold Mining
35:59 Thumb Ring
35:22 Crossbowman
37:57 Chemistry
37:45 Forging
37:25 Heavy Camel Rider
41:30 Bracer
42:01 Ring Archer Armor
42:52 Iron Casting
42:37 Chain Barding Armor
49:28 Plate Barding Armor
STephen
11:36 Loom
14:13 Feudal Age
14:54 Double-Bit Axe
15:02 Gold Mining
15:55 Fishing Lines
19:34 Castle Age
17:45 Stone Mining
20:34 Bow Saw
20:56 Fletching
21:40 Scale Barding Armor
24:16 Town Watch
24:36 Gillnets
26:30 Bodkin Arrow
27:03 Horse Collar
32:14 Wheelbarrow
34:00 Chain Barding Armor
38:15 Gold Shaft Mining
37:49 Heavy Plow
38:41 Husbandry
39:13 Bloodlines
40:36 Hand Cart
45:04 Imperial Age
44:16 Forging
46:06 Iron Casting
47:32 Plate Barding Armor
47:58 Blast Furnace
46:38 Light Cavalry
48:32 Conscription
47:42 Elite War Elephant
Leto Apor
5:27 Loom
13:05 Feudal Age
14:05 Town Watch
17:06 Castle Age
15:08 Fishing Lines
17:47 Double-Bit Axe
18:44 Wheelbarrow
18:20 Gillnets
19:14 Medium Warships
20:22 Bow Saw
21:02 Gold Mining
24:15 Scale Mail Armor
25:17 Forging
25:55 Chain Mail Armor
30:21 Hand Cart
43:09 Imperial Age
49:05 Heavy Camel Rider
51:35 Iron Casting
51:05 Scale Barding Armor
51:19 Imperial Camel Rider
52:22 Bloodlines
52:13 Husbandry
Connection lost

Rejoining the realm…

Still unreachable

The connection could not be restored.

Session expired

The server has moved on; the page needs a fresh start.